 Dungeon Crawl Stone Soup version 0.24-a0-375-g4de66ed42b (webtiles) character file.

Game seed: 3232163776173903

56 mhoghedin the Skirmisher (level 3, -9/27 HPs)
             Began as a Demonspawn Chaos Knight on May 31, 2019.
             Was a Plaything of Xom.
             Killed by nerve-wracking pain
             ... invoked by a shadow imp
             ... summoned by Xom
              (13 damage)
             ... on level 3 of the Dungeon.
             The game lasted 00:02:22 (1824 turns).

mhoghedin the Skirmisher (Demonspawn Chaos Knight)  Turns: 1824, Time: 00:02:23

Health: -9/27      AC:  4    Str: 12 (13) XL:     3   Next: 69%
Magic:  2/2        EV: 11    Int: 13      God:    Xom [......]
Gold:   78         SH:  4    Dex: 10 (12) Spells: 2/2 levels left

rFire    . . .     SeeInvis +     - Unarmed
rCold    . . .     Gourm    .   (no shield)
rNeg     . . .     Faith    .   a - +2 leather armour
rPois    .         Spirit   .   (no helmet)
rElec    .         Reflect  .   d - scarf {cloud immunity}
rCorr    .         Harm     .   h - +0 pair of gloves
MR       .....                  (no boots)
Stlth    ++........             (no amulet)
HPRegen  0.09/turn              e - ring of see invisible {sInv, !d}
MPRegen  0.08/turn              (no ring)

@: no status effects
A: large bone plates 1, deformed body, deterioration 1, frail 1, low mp 1,
nightstalker 1
a: Renounce Religion


You were on level 3 of the Dungeon.
You worshipped Xom.
You were a very special plaything of Xom.
You were hungry.

You visited 1 branch of the dungeon, and saw 3 of its levels.

You collected 78 gold pieces.

Inventory:

Armour
 a - a +2 leather armour (worn)
 d - a scarf of cloud immunity (worn)
   (You found it on level 2 of the Dungeon)
 h - a +0 pair of gloves (worn)
   (You found it on level 1 of the Dungeon)
Jewellery
 e - a ring of see invisible (left hand) {sInv, !d}
   (You found it on level 3 of the Dungeon)
Scrolls
 f - 3 scrolls of remove curse
 g - a scroll of blinking {!r}
Potions
 c - a potion of degeneration {!q}
 i - a potion of curing
 j - a potion of might
Comestibles
 b - 3 rations


   Skills:
 + Level 3.9 Fighting
 - Level 1.7 Armour
 - Level 0.8 Dodging
 + Level 3.5 Unarmed Combat


You had 2 spell levels left.
You didn't know any spells.
Your spell library was empty.

Dungeon Overview and Level Annotations

Branches:
Dungeon (3/15)

Altars:


Innate Abilities, Weirdness & Mutations

You are partially covered in large bone plates. (SH +4)
You are slightly more attuned to the shadows.
Armour fits poorly on your strangely shaped body.
Your body sometimes deteriorates upon taking damage.
You are frail. (-10% HP)
Your magical capacity is low. (-10% MP)


Message History

You hit the adder.
You kill the adder!
You feel your intelligence returning.
You start resting.
You feel sick. x3
You are no longer poisoned.
You take 2 damage, and have 12/27 hp.
Unknown command.
You start resting.
Your extra speed is starting to run out.
You regained 2 hp, and now have 14/27 hp.
You start resting.
You feel yourself slow down.
You start resting.
You feel a little less clever now.
You start resting.
Health restored: 27 Unknown command.
As you read the scroll labeled LAANGIDYDOI, it crumbles to dust.
You feel aware of your surroundings.
It was a scroll of magic mapping.
As you read the scroll labeled LIENIS NAOM, it crumbles to dust.
You feel blessed for a moment.
It was a scroll of remove curse.
Unknown command.
As you read the scroll labeled QILOFE CAIZIUV, it crumbles to dust.
It is a scroll of identify.
g - a scroll of blinking Drop what? 9/52 slots (_ for help) (? for menu, Esc to quit)
You drop a short sword.
Found a stone staircase leading up.
Found a stone staircase leading down.
No target in view!
You open the door.
There is an open door here.
d - a runed scarf You are feeling hungry.
No target in view!
You open the door.
There is an open door here.
You open the door.
There is an open door here.
There is an open door here.
Done exploring.
Done exploring.
No target in view!
You start putting on your armour.
You continue putting on your runed scarf. x4
You finish putting on your scarf of cloud immunity.
You feel immune to the effects of clouds.
Done exploring.
Done exploring.
(D) Dungeon
Where to? (Enter - D:2, ? - help)
There is a stone staircase leading down here.
You climb downwards.
There is a stone staircase leading up here.
e - a knobbly ruby ring No target in view!
e - a ring of see invisible (left hand)
You hear Xom's maniacal laughter.
You barely miss the shadow imp. You closely miss the shadow imp.
The shadow imp hits you.
You take 3 damage, and have 24/27 hp.
You completely miss the shadow imp. The shadow imp closely misses you.
You hit the shadow imp but do no damage.
The shadow imp misses you.
You hit the shadow imp but do no damage.
The shadow imp lashes its tail.
The shadow imp hits you but does no damage.
You barely miss the shadow imp. The shadow imp hits you.
You take 5 damage, and have 20/27 hp.
You closely miss the shadow imp. The shadow imp hits you.
You take 1 damage, and have 19/27 hp.
You hit the shadow imp but do no damage.
The shadow imp gestures at you.
You barely resist. You closely miss the shadow imp.
The shadow imp hits you but does no damage.
You hit the shadow imp but do no damage.
The shadow imp hits you.
You take 1 damage, and have 18/27 hp.
You closely miss the shadow imp. The shadow imp closely misses you.
You hit the shadow imp but do no damage.
The shadow imp hits you.
You take 5 damage, and have 13/27 hp.
You are too injured to fight recklessly!
You are too injured to fight recklessly!
You are too injured to fight recklessly!
You are too injured to fight recklessly!
You are too injured to fight recklessly!
Unknown command.
You hit the shadow imp but do no damage.
The shadow imp gestures at you. Pain shoots through your body!
* * * LOW HITPOINT WARNING * * *
You take 9 damage, and have 4/27 hp.
MASSIVE DAMAGE!!
You barely miss the shadow imp. The shadow imp gestures at you.
Pain shoots through your body!
You die...

### ... #.# #.#
#.# ### #.# ..#
#@######### #.#
#.5.......# #.#
#########.#####.##
#.........
#.#####<## #.# #.#
#.# #.# ### ###


You could see a shadow imp.

Vanquished Creatures
  A river rat (D:2)
  An adder (D:2)
  A worm (D:2)
  2 dart slugs (D:1)
  A leopard gecko (D:2)
  A giant cockroach (D:2)
  5 goblins
  2 hobgoblins
  4 jackals (D:1)
  A quokka (D:2)
  4 bats
  2 frilled lizards (D:1)
  3 rats (D:1)
28 creatures vanquished.

Notes
Turn   | Place    | Note
-------+----------+-------------------------------------------
     0 | D:1      | mhoghedin the Demonspawn Chaos Knight began the quest for
                  | the Orb.
     0 | D:1      | Reached XP level 1. HP: 18/18 MP: 1/1
    66 | D:1      | XOM: harmless Conj miscast
   194 | D:1      | XOM: harmless Ice miscast
   204 | D:1      | Reached skill level 3 in Unarmed Combat
   224 | D:1      | Gained mutation: You are partially covered in large bone
                  | plates. (SH +4) [demonic ancestry]
   224 | D:1      | Reached XP level 2. HP: 20/24 MP: 2/2
   256 | D:1      | XOM: harmless Tloc miscast
   739 | D:2      | XOM: medium Ice miscast
   994 | D:2      | XOM: polymorph leopard gecko -> river rat
  1011 | D:2      | Gained mutation: You are slightly more attuned to the
                  | shadows. [demonic ancestry]
  1011 | D:2      | Reached XP level 3. HP: 18/29 MP: 3/3
  1062 | D:2      | XOM: harmless Summ miscast
  1073 | D:2      | XOM: give mutation
  1073 | D:2      | Gained mutation: Armour fits poorly on your strangely
                  | shaped body. [Xom's mischief]
  1170 | D:2      | XOM: give mutations
  1170 | D:2      | Gained mutation: Your magical capacity is low. (-10% MP)
                  | [Xom's mischief]
  1170 | D:2      | Gained mutation: You are frail. (-10% HP) [Xom's mischief]
  1170 | D:2      | Gained mutation: Your body sometimes deteriorates upon
                  | taking damage. [Xom's mischief]
  1257 | D:2      | XOM: medium Ice miscast
  1377 | D:2      | XOM: mild Tmut miscast
  1810 | D:3      | XOM: summons 1 hostile demon
  1823 | D:3      | HP: 4/27 [shadow imp/nerve-wracking pain[Xom] (9)]
  1824 | D:3      | Killed from afar by a shadow imp

Levels and vault maps discovered:
D:1:      minmay_arrival_doors, layout_basic
D:2:      layout_basic
D:3:      layout_basic, yredelemnul_altar_generic, first_ration

Skill      XL: |  1 |
---------------+----+-----
Unarmed Combat | 3 |  3.5
Fighting       | |  3.9
Armour         | |  1.7
Dodging        | |  0.8

Action                   || total
-------------------------++-------
Melee: Unarmed           ||   141
       Punch             ||     4
  Use: Potion            ||     6
       Scroll            ||     3
 Stab: Sleeping          ||     1
  Eat: Chunk             ||     2
Armor: Leather armour    ||    36
Dodge: Dodged            ||    75
Block: Other             ||     8

Table legend:
 A = Non-vault XP
 B = Vault XP
 C = Vault XP percentage of total XP
 D = Non-vault monster count
 E = Vault monster count
 F = Vault count percentage of total count
                 A         B        C        D         E       F
            +---------+---------+-------+---------+---------+-------
      Total |      80 |       0 |   0.0 |      28 |       0 |   0.0
            +---------+---------+-------+---------+---------+-------
        D:1 |      33 |       0 |   0.0 |      18 |       0 |   0.0
        D:2 |      47 |       0 |   0.0 |      10 |       0 |   0.0
            +---------+---------+-------+---------+---------+-------

Levels and vault maps discovered:
D:1:      minmay_arrival_doors, layout_basic
D:2:      layout_basic
D:3:      layout_basic, yredelemnul_altar_generic, first_ration

Table legend:
 A = Turns spent in this place as a percentage of turns spent in the entire game.
 B = Non-inter-level travel turns spent in this place as a percentage of non-inter-level travel turns spent in the entire game.
 C = Inter-level travel turns spent in this place as a percentage of turns spent in this place.
 D = Turns resting spent in this place as a percentage of non-inter-level travel turns spent in this place.
 E = Turns spent auto-exploring this place as a percentage of non-inter-level travel turns spent in this place.
 F = Non-inter-level travel turns spent in this place divided by the number of levels of this place that you've seen.
                   A       B       C       D       E      F
               +-------+-------+-------+-------+-------+----------------------
         Total | 100.0 | 100.0 |   2.0 |  32.5 |  50.1 | 595.7
       Dungeon | 100.0 | 100.0 |   2.0 |  32.5 |  50.1 | 595.7
               +-------+-------+-------+-------+-------+----------------------

Table legend:
 A = Kills in this place as a percentage of kills in entire the game.
 B = Kills by you in this place as a percentage of kills by you in the entire game.
 C = Kills by friends in this place as a percentage of kills by friends in the entire game.
 D = Other kills in this place as a percentage of other kills in the entire game.
 E = Experience gained in this place as a percentage of experience gained in the entire game.
 F = Experience gained in this place divided by the number of levels of this place that you have seen.
                   A       B       C       D       E      F
               +-------+-------+-------+-------+-------+----------------------
         Total | 100.0 | 100.0 |   N/A |   N/A | 100.0 |  26.7
       Dungeon | 100.0 | 100.0 |   N/A |   N/A | 100.0 |  26.7
               +-------+-------+-------+-------+-------+----------------------
